Map: Dreamcatcher LE

Players

Goatboy

  • Race: Terran Terran
  • League: Gold
  • Spawn Location: 11:00

Michael - Winner!

  • Race: Zerg Zerg
  • League: Gold
  • Spawn Location: 5:00

VOD

Have the link to the VOD?

Description

Time

  • Played on: Oct. 7, 2018, 7:39 a.m.
  • Length: 15:58
Show
View Real Time Build Order
Export as new Build Order

Goatboy Terran 

Build Orders:  

Get SALT Encoding   

  12  0:01  SCV  
  13  0:13  SCV  
  14  0:25  SCV, Supply Depot  
  15  0:44  Supply Depot  
  15  0:46  SCV  
  16  0:54  Barracks  
  16  0:58  SCV  
  17  1:27  SCV  
  17  1:30  Refinery  
  18  1:48  Supply Depot  
  18  1:50  Barracks  
  18  1:59  Marine  
  19  2:12  Barracks  
  19  2:17  Marine  
  20  2:30  SCV  
  20  2:35  Marine  
  22  2:40  Barracks  
  22  2:41  Command Center  
  22  2:42  SCV  
  23  2:52  Bunker  
  23  2:53  Marine  
  23  2:54  SCV  
  25  3:02  Marine  
  26  3:08  Refinery  
  26  3:11  Marine  
  28  3:15  Orbital Command  
  27  3:22  Barracks Reactor  
  27  3:29  Marine  
  27  3:30  Factory  
  28  3:46  Marine  
  29  3:52  Barracks Reactor  
  29  4:01  Orbital Command  
  29  4:04  Marine  
  30  4:15  Bunker  
  30  4:20  Factory Tech Lab  
  30  4:22  Marine  
  31  4:26  Starport  
  31  4:29  Starport  
  31  4:37  Marine x2  
  33  4:38  Marine  
  33  4:39  Marine  
  33  4:40  Marine  
  36  4:53  Siege Tank  
  36  4:54  Bunker, Marine  
  36  4:58  Marine  
  41  5:05  Starport Reactor  
  41  5:11  Starport Reactor  
  41  5:15  Marine  
  41  5:46  Siege Tank  
  44  6:08  Marine x2  
  46  6:15  Supply Depot  
  46  6:16  Supply Depot  
  46  6:17  Supply Depot  
  46  6:37  Marine x4  
  47  6:46  Liberator  
  47  6:47  Liberator  
  47  6:52  Factory Tech Lab  
  47  6:53  Bunker  
  47  6:55  Marine x5  
  58  7:12  Marine x4  
  58  7:13  Marine  
  63  7:29  Siege Tank  
  66  7:30  Marine x3  
  66  7:31  Marine  
  70  7:58  Supply Depot x2  
  70  7:59  Supply Depot  
  70  8:04  Marine  
  67  8:06  Supply Depot  
  62  8:21  Marine  
  63  8:35  Siege Tank  
  63  9:29  Siege Tank  
  66  9:42  Orbital Command  
  66  9:52  Marine x2  
  66  9:53  Marine x2  
  70  10:08  Siege Tank  
  70  10:10  Marine x3  
  70  10:11  Marine  
  77  10:28  Marine x4  
  81  10:40  Siege Tank  
  84  10:46  Marine x4  
  85  11:41  Siege Tank  
  88  12:13  Siege Tank  
  91  12:45  Siege Tank  
  47  13:17  Siege Tank  
  50  13:25  Marine x2  
  51  13:43  Marine x2  
  51  13:48  Command Center  
  42  13:50  Marine  
  35  14:07  Marine  
Show
View Real Time Build Order
Export as new Build Order

Michael Zerg - Winner!

Build Orders: Pool First 

Get SALT Encoding   

  12  0:01  Drone  
  13  0:12  Overlord  
  13  0:17  Drone  
  14  0:30  Drone x2  
  14  0:34  Drone  
  17  0:46  Drone  
  18  0:59  Spawning Pool, Drone  
  18  1:00  Extractor  
  17  1:08  Drone  
  18  1:28  Hatchery  
  17  1:46  Queen  
  19  1:49  Zergling x6  
  22  2:15  Overlord  
  22  2:18  Overlord  
  22  2:27  Hatchery  
  21  2:33  Metabolic Boost, Queen  
  23  2:46  Queen  
  23  2:50  Drone  
  26  2:55  Drone  
  27  2:58  Drone  
  27  3:02  Drone  
  29  3:11  Spine Crawler  
  28  3:19  Drone  
  30  3:20  Drone  
  30  3:27  Queen  
  32  3:36  Zergling x4  
  32  3:37  Zergling x2  
  32  3:40  Zergling x2  
  35  3:52  Roach Warren  
  35  3:55  Drone x2  
  35  3:59  Drone  
  37  4:10  Lair  
  38  4:17  Drone x3  
  40  4:35  Evolution Chamber  
  40  4:36  Roach x3  
  40  4:38  Roach  
  47  4:42  Overlord  
  47  4:47  Overlord  
  49  5:00  Roach  
  49  5:01  Roach x2  
  49  5:05  Drone x2  
  49  5:06  Drone  
  56  5:11  Roach  
  58  5:14  Roach  
  50  5:37  Zergling x20  
  50  5:42  Drone x2  
  62  5:45  Drone  
  62  5:47  Drone  
  64  6:08  Glial Reconstitution  
  64  6:13  Spire  
  64  6:15  Drone x3  
  66  6:19  Overlord x4  
  46  6:42  Zergling x24  
  54  6:50  Drone  
  55  6:54  Zergling x10  
  55  6:55  Zergling x2  
  55  6:59  Zergling x2  
  55  7:00  Zergling x6  
  65  7:02  Zergling x2  
  66  7:14  Hatchery  
  65  7:16  Zergling x2  
  65  7:17  Zergling x4  
  65  7:22  Zergling x6  
  71  7:30  Zergling x8  
  71  7:31  Zergling x2  
  71  7:32  Zergling x2  
  77  7:38  Zerg Ground Armor Level 1  
  77  7:47  Drone x3  
  77  7:48  Infestation Pit  
  77  7:50  Drone x2  
  46  8:21  Roach x4  
  46  8:25  Roach  
  53  8:34  Spore Crawler x2  
  51  8:46  Drone x3  
  54  8:50  Extractor  
  49  9:13  Spore Crawler  
  49  9:15  Drone  
  49  9:16  Drone  
  52  9:17  Drone x5  
  52  9:19  Extractor, Queen  
  52  9:20  Extractor  
  52  9:21  Drone x3  
  52  9:23  Drone  
  52  9:24  Drone  
  58  9:42  Zerg Ground Armor Level 2  
  58  9:52  Drone x3  
  61  9:53  Drone x2  
  61  9:54  Drone  
  61  9:55  Drone x8  
  72  10:08  Drone x2  
  72  10:11  Extractor, Drone x8  
  72  10:12  Extractor  
  80  10:20  Hatchery  
  80  10:21  Drone, Spore Crawler x2  
  80  10:22  Spore Crawler  
  80  10:23  Drone x3  
  80  10:26  Overlord  
  80  10:33  Roach x10  
  80  10:35  Ravager x2  
  102  10:37  Drone  
  102  10:41  Extractor  
  102  10:44  Queen  
  104  10:55  Corruptor x2  
  102  10:59  Roach x4  
  102  11:00  Roach  
  112  11:05  Overlord  
  112  11:06  Overlord x3  
  110  11:25  Ravager x3  
  111  11:40  Hive  
  111  11:45  Burrow  
  111  11:46  Roach  
  111  11:47  Roach x2  
  117  11:48  Roach  
  117  11:53  Ravager  
  120  11:56  Roach x3  
  120  11:58  Zergling x2, Roach  
  120  11:59  Zergling x18  
  138  12:14  Roach x3  
  144  12:20  Zerg Melee Weapons Level 1  
  144  12:27  Overlord  
  144  12:28  Overlord x6  
  132  13:04  Spine Crawler  
  129  13:17  Spine Crawler  
  110  13:54  Roach x4  
  110  13:55  Roach x21  
  157  14:16  Roach x4  
  157  14:17  Roach x2  
  162  14:39  Roach x4  
  162  14:40  Roach x9  
  154  15:06  Corruptor x8  
  142  15:19  Corruptor x2  
  142  15:20  Corruptor  
  136  15:35  Zergling x18  
Tags
 
League
GoldGold
Matchup
TvZ
Opening
Pool First
Spawn Locations
Cross Positions
Add a new tag
Caveats
  • Supply blocks, unpowered buildings, or Contaminate may cause inaccurate times.
  • Supply counts are checked every 10 seconds.